 Dungeon Crawl Stone Soup version 0.25-a0-161-gb7fd73da8f (webtiles) character file.

Game seed: 645683930968096388, levelgen mode: deterministic

8883 vurker the Agent of Entropy (level 11, 0/87 HPs)
             Began as a Formicid Abyssal Knight on Nov 21, 2019.
             Was a Priest of Lugonu.
             Slain by a fire elemental (14 damage)
             ... summoned by a deep elf mage
             ... on level 10 of the Dungeon.
             The game lasted 00:26:56 (13897 turns).

vurker the Agent of Entropy (FoAK)                 Turns: 13897, Time: 00:26:56

Health: 0/87       AC: 13    Str: 19    XL:     11   Next: 64%
Magic:  20/20      EV: 20    Int: 13    God:    Lugonu [***...]
Gold:   599        SH:  7    Dex: 10    Spells: 10/10 levels left

rFire    . . .     SeeInvis +   p - +2 morningstar (protect)
rCold    + . .     Gourm    .   w - +2 buckler
rNeg     + . .     Faith    .   l - +0 plate armour
rPois    .         Spirit   .   (helmet unavailable)
rElec    .         Reflect  .   (no cloak)
rCorr    .         Harm     .   k - +0 pair of gloves
MR       +....                  i - +0 pair of boots (curse)
Stlth    ..........             h - amulet of the acrobat
HPRegen  0.24/turn              c - ring of protection from cold
MPRegen  0.17/turn              A - ring of positive energy

@: acrobat
A: permanent stasis, dig shafts and tunnels, four strong arms, antennae 3
a: Dig, Shaft Self, Depart the Abyss, Bend Space, Banish, Renounce Religion


You were on level 10 of the Dungeon.
You worshipped Lugonu.
Lugonu was most pleased with you.
You were not hungry.

You visited 1 branch of the dungeon, and saw 10 of its levels.
You visited the Abyss 1 time.

You collected 599 gold pieces.

Inventory:

Hand Weapons
 p - a +2 morningstar of protection (weapon)
   (You took it off an orc on level 7 of the Dungeon)
 q - a +0 whip of flaming
   (You took it off Pikel on level 4 of the Dungeon)
 s - a +0 dire flail
   (You took it off Blork the orc on level 4 of the Dungeon)
Armour
 i - a cursed +0 pair of boots (worn)
   (You found it on level 4 of the Dungeon)
 k - a +0 pair of gloves (worn)
   (You found it on level 6 of the Dungeon)
 l - a +0 plate armour (worn)
   (You took it off an orc warrior on level 7 of the Dungeon)
 w - a +2 buckler (worn)
   (You found it on level 7 of the Dungeon)
Jewellery
 c - a ring of protection from cold (left hand)
   (You took it off a kobold on level 1 of the Dungeon)
 h - an amulet of the acrobat (around neck)
   (You found it on level 1 of the Dungeon)
 n - an uncursed ring of resist corrosion
   (You found it on level 3 of the Dungeon)
 A - a ring of positive energy (right hand)
   (You found it on level 9 of the Dungeon)
Wands
 d - a wand of iceblast (6)
   (You found it on level 7 of the Dungeon)
 t - a wand of flame (46)
   (You took it off a big kobold on level 8 of the Dungeon)
 v - a wand of digging (1)
   (You took it off a centaur on level 9 of the Dungeon)
 x - a wand of enslavement (6)
   (You took it off an orc on level 10 of the Dungeon)
Scrolls
 a - a scroll of silence
 b - 5 scrolls of remove curse
 f - a scroll of enchant weapon
 g - 2 scrolls of enchant armour
 r - 3 scrolls of fog
 y - 3 scrolls of fear
 C - a scroll of identify
Potions
 j - 2 potions of brilliance
 m - 3 potions of agility
 o - a potion of invisibility
 u - a potion of flight
 z - a potion of cancellation
Comestibles
 e - 24 rations
 B - a chunk of flesh


   Skills:
 + Level 8.8 Fighting
 * Level 10.7 Maces & Flails
 - Level 2.1 Armour
 - Level 0.8 Dodging
 + Level 6.7 Shields
 * Level 12.1 Invocations


You had 10 spell levels left.
You didn't know any spells.
Your spell library contained the following spells:

 Spells                   Type           Power        Failure   Level  Hunger
 Magic Dart               Conj           #...         100%        1    ##.....
 Sandblast                Erth           #.....       100%        1    ##.....
 Call Imp                 Summ           #.......     100%        2    ###....
 Passwall                 Tmut/Erth      #.......     100%        2    ###....
 Searing Ray              Conj           #.....       100%        2    ###....
 Slow                     Hex            #.......     100%        2    ###....
 Conjure Flame            Conj/Fire      #.......     100%        3    ####...
 Dazzling Spray           Conj/Hex       #.....       100%        3    ####...
 Mephitic Cloud           Conj/Pois/Air  #.......     100%        3    ####...
 Stone Arrow              Conj/Erth      #.....       100%        3    ####...
 Force Lance              Conj/Tloc      #.......     100%        4    #####..
 Fulminant Prism          Conj/Hex       #.........   100%        4    #####..
 Iskenderun's Mystic Bla  Conj           #.......     100%        4    #####..
 Petrify                  Tmut/Erth      #.......     100%        4    #####..
 Lee's Rapid Deconstruct  Erth           #.........   100%        5    ######.
 Blink                    Tloc           Unusable     N/A         2    N/A

Dungeon Overview and Level Annotations

Branches:
Dungeon (10/15)            Temple (0/1) D:6
   Lair: D:8-11         Orc: D:9-12

Altars:
Cheibriados
Fedhas
Hepliaklqana
Nemelex Xobeh
Qazlal
Trog
Vehumet

Shops:
D:5 %   D:6 }(   D:9 :


Innate Abilities, Weirdness & Mutations

You cannot be hasted, slowed, berserked, paralysed or teleported.
You can dig through walls and to a lower floor.
Your four strong arms can wield two-handed weapons with a shield.
You have a pair of large antennae on your head. (SInv)


Message History

You extend your mandibles.
You dig through the rock wall.
You dig through the rock wall.
The fire elemental misses you.
You dig through the rock wall.
You retract your mandibles.
You closely miss the fire elemental. The fire elemental hits you.
The fire elemental burns you! The fire elemental hits you.
The fire elemental burns you!
Your plate armour prevents you from hitting the fire elemental.
The fire elemental barely misses you.
Your plate armour prevents you from hitting the fire elemental.
You block the fire elemental's attack.
You puncture the fire elemental!
Your weapon exudes an aura of protection.
The fire elemental hits you. The fire elemental burns you!
You impale the fire elemental!!
You destroy the fire elemental!
You sock the fire elemental! The fire elemental hits you.
The fire elemental burns you!
You puncture the fire elemental! The fire elemental hits you.
The fire elemental burns you! The fire elemental barely misses you.
You puncture the fire elemental!
You destroy the fire elemental!
You closely miss the fire elemental. The fire elemental hits you.
The fire elemental burns you! The fire elemental hits you.
The fire elemental burns you!
* * * LOW HITPOINT WARNING * * *
You hit the fire elemental. The fire elemental hits you.
The fire elemental burns you!
* * * LOW HITPOINT WARNING * * *
Your plate armour prevents you from hitting the fire elemental.
The fire elemental hits you. The fire elemental burns you!
* * * LOW HITPOINT WARNING * * *
You thump the fire elemental! The fire elemental hits you.
The fire elemental burns you!
* * * LOW HITPOINT WARNING * * *
The fire elemental hits you. The fire elemental burns you!
* * * LOW HITPOINT WARNING * * *
Okay, then.
Aim: a fire elemental (moderately damaged, summoned, magic immune)
Okay, then.
You extend your mandibles.
You dig through the rock wall.
You dig through the rock wall.
You dig through the rock wall.
The fire elemental misses you.
You dig through the rock wall.
You dig through the rock wall.
The fire elemental misses you.
You dig through the rock wall.
You dig through the rock wall.
The fire elemental hits you. The fire elemental burns you!
You die...

##### ##☼E@#
##○############
##.## #.......#
##°## #.......#
##.##
#.......########
##.##
##.......'.......
#e##
##........########
###○# #)#.......#
###### ######.☼{##
##........# #.....


You could see a fire elemental.

Vanquished Creatures
  Pikel (D:4)
  A deep elf mage (D:10)
  2 hippogriffs (D:10)
  A wraith (D:10)
  5 yaks (D:9)
  A hungry ghost (D:10)
  A water moccasin (D:6)
  A swamp drake (D:10)
  3 sky beasts
  A slave (D:4)
  2 ice beasts
  3 black bears (D:8)
  3 orc warriors
  2 phantoms
  A necrophage (D:10)
  4 ogres
  3 centaurs
  A crocodile (D:9)
  Blork the orc (D:4)
  2 big kobolds
  7 bullfrogs
  A water moccasin zombie (D:8)
  2 scorpions
  8 killer bees
  4 howler monkeys
  12 wights
  A centaur zombie (D:7)
  A bullfrog zombie (D:6)
  3 crimson imps
  2 hounds (D:8)
  A quasit (D:7)
  An iron imp (D:10)
  3 bullfrog skeletons
  A centaur skeleton (D:7)
  9 orc priests
  Jessica (D:3)
  5 iguanas
  17 orc wizards
  3 worker ants
  A killer bee zombie (D:6)
  A hound skeleton (D:8)
  A worker ant zombie (D:8)
  8 adders
  2 shadow imps (D:10)
  3 oozes
  An adder skeleton (D:4)
  3 worms
  9 leopard geckos
  46 orcs
  3 giant cockroaches
  6 goblins
  4 hobgoblins
  26 jackals
  A quokka (D:8)
  2 ball pythons
  9 bats
  3 frilled lizards
  A jackal zombie (D:5)
  9 kobolds
  A leopard gecko zombie (D:7)
  A quokka skeleton (D:4)
  4 rats (D:1)
266 creatures vanquished.

Vanquished Creatures (others)
  A death knight (D:10)
  A skeletal warrior (D:10)
  A phantasmal warrior (D:10)
  A freezing wraith (D:10)
  A slave (D:4)
  An orc warrior (D:6)
  An ogre (D:4)
  4 killer bees (D:8)
  A crimson imp (D:10)
  2 orc priests
  A white imp (D:10)
  2 orcs
  A plant (D:8)
18 creatures vanquished.

Grand Total: 284 creatures vanquished

Notes
Turn   | Place    | Note
-------+----------+-------------------------------------------
     0 | Abyss:1  | vurker the Formicid Abyssal Knight began the quest for the
                  | Orb.
     0 | Abyss:1  | Reached XP level 1. HP: 18/18 MP: 2/2
    10 | D:1      | Escaped the Abyss
   161 | D:1      | Reached XP level 2. HP: 11/24 MP: 3/3
   566 | D:1      | Reached XP level 3. HP: 26/29 MP: 4/4
   760 | D:1      | Reached ** piety under Lugonu
  1564 | D:2      | Reached XP level 4. HP: 26/37 MP: 6/6
  1669 | D:2      | Found a bloodstained altar of Trog.
  1720 | D:2      | Reached skill level 3 in Invocations
  2723 | D:3      | Reached *** piety under Lugonu
  2723 | D:3      | Reached XP level 5. HP: 37/42 MP: 7/7
  3223 | D:3      | Noticed Jessica
  3239 | D:3      | Killed Jessica
  3680 | D:4      | Reached skill level 4 in Invocations
  3680 | D:4      | Reached XP level 6. HP: 35/49 MP: 7/9
  3910 | D:4      | Noticed a slave
  3928 | D:4      | Noticed a slave
  3951 | D:4      | Killed a slave
  4065 | D:4      | Noticed Pikel
  4074 | D:4      | Noticed a slave
  4087 | D:4      | Banished a slave
  4471 | D:4      | Noticed a slave
  4495 | D:4      | Killed Pikel
  4495 | D:4      | Reached skill level 5 in Fighting
  4495 | D:4      | Reached skill level 5 in Maces & Flails
  4495 | D:4      | Reached skill level 6 in Invocations
  4495 | D:4      | Reached XP level 7. HP: 39/56 MP: 9/11
  4495 | D:4      | Reached XP level 8. HP: 44/62 MP: 9/12
  5005 | D:4      | Noticed Blork the orc
  5027 | D:4      | Killed Blork the orc
  5468 | D:5      | Entered Level 5 of the Dungeon
  5500 | D:5      | Reached skill level 7 in Invocations
  5551 | D:5      | Found a hazy altar of Hepliaklqana.
  6040 | D:5      | Found Munuog's Food Shoppe.
  6797 | D:6      | Found Plog's Gadget Shoppe.
  6819 | D:6      | Reached XP level 9. HP: 38/69 MP: 14/14
  7013 | D:6      | Reached skill level 1 in Shields
  7267 | D:6      | Reached skill level 8 in Invocations
  7601 | D:6      | Found a snail-covered altar of Cheibriados.
  7621 | D:6      | Found Uneihutu's Antique Weapon Shoppe.
  7688 | D:6      | Found a staircase to the Ecumenical Temple.
  8325 | D:7      | Reached skill level 9 in Invocations
  8460 | D:7      | Found a stormy altar of Qazlal.
  8709 | D:7      | Reached **** piety under Lugonu
  8912 | D:7      | Reached XP level 10. HP: 47/79 MP: 17/17
  9686 | D:8      | Reached skill level 10 in Invocations
 10336 | D:8      | Found a blossoming altar of Fedhas.
 10390 | D:8      | Reached ***** piety under Lugonu
 10571 | D:8      | Reached skill level 5 in Shields
 11243 | D:9      | Found a sparkling altar of Nemelex Xobeh.
 11385 | D:9      | Found a radiant altar of Vehumet.
 11523 | D:9      | Reached skill level 11 in Invocations
 11732 | D:9      | Found Husiobus's Book Shop.
 11781 | D:9      | Reached XP level 11. HP: 82/86 MP: 19/19
 12061 | D:9      | Reached skill level 10 in Maces & Flails
 12569 | D:10     | Entered Level 10 of the Dungeon
 13004 | D:10     | Noticed a phantasmal warrior
 13005 | D:10     | Banished a phantasmal warrior
 13034 | D:10     | Noticed a skeletal warrior
 13479 | D:10     | Noticed a deep elf mage
 13521 | D:10     | Killed a deep elf mage
 13692 | D:10     | Reached skill level 12 in Invocations
 13725 | D:10     | Noticed a death knight
 13732 | D:10     | Banished a death knight
 13733 | D:10     | Banished a skeletal warrior
 13866 | D:10     | Noticed a deep elf mage
 13897 | D:10     | Slain by a fire elemental

Levels and vault maps discovered:
D:1:      dpeg_arrival_short_road, layout_loops_ring, minmay_misc_feat_plants,
          minmay_misc_feat_hallway, minmay_domino_4
D:2:      layout_basic, lemuel_crystal_altar, minmay_misc_feat_pillars
D:3:      layout_loops_corners, uniq_jessica
D:4:      layout_loops_cross, first_ration, uniq_pikel, uniq_blork_the_orc
D:5:      layout_basic, basic_altar, serial_shops, nicolae_shop_stone
D:6:      layout_cave_pools, marbit_many_paths, minmay_temple_entry_hall,
          serial_shops, nicolae_shop_overgrown_old_shop, shop
D:7:      layout_basic, nicolae_qazlal_eye_of_the_storm
D:8:      layout_loops_ring, kennysheep_mini_moat, blue_anna_alchemist
          [blue_anna_fruit_fields, blue_anna_fruit_fields]
D:9:      layout_cave_pools, grunt_temple_overflow_open, serial_shops,
          nicolae_shop_waterfront, eino_tiny_chamber
D:10:     layout_basic, serial_glass, glass_columns_a, glass_columns_b,
          glass_columns_a, glass_columns_a, glass_columns_b, basic_altar,
          hangedman_minor_magic

Skill      XL: |  1  2  3  4  5  6  7  8  9 10 11 |
---------------+----------------------------------+-----
Maces & Flails | 3 4 5 7 8 9 10 | 10.7
Invocations    | 3 4 6 7 9 11 12 | 12.1
Fighting       | 4 5 6 7 8 |  8.8
Shields        | 3 5 6 |  6.7
Armour         | |  2.1
Dodging        | |  0.8

Action                   |  1- 3 |  4- 6 |  7- 9 | 10-12 || total
-------------------------+-------+-------+-------+-------++-------
Melee: Mace              |   122 |   197 |    60 |       ||   379
       Dire flail        |       |       |   381 |   303 ||   684
       Morningstar       |       |       |       |   299 ||   299
Invok: Banish            |       |     1 |     4 |    14 ||    19
       Bend Space        |       |       |       |     1 ||     1
 Abil: Dig               |     1 |     7 |    12 |    14 ||    34
  Use: Scroll            |       |    12 |     2 |     7 ||    21
       Potion            |       |       |     1 |     3 ||     4
 Stab: Invisible         |       |       |       |     2 ||     2
  Eat: Chunk             |     2 |    10 |    13 |    20 ||    45
       Ration            |       |       |     1 |     2 ||     3
Armor: Scale mail        |    71 |    67 |    23 |       ||   161
       Chain mail        |       |       |   109 |       ||   109
       Skin              |       |       |    31 |       ||    31
       Plate armour      |       |       |    28 |   337 ||   365
Dodge: Dodged            |    92 |    97 |   149 |   152 ||   490
Block: Buckler           |       |       |    45 |   169 ||   214

Table legend:
 A = Non-vault XP
 B = Vault XP
 C = Vault XP percentage of total XP
 D = Non-vault monster count
 E = Vault monster count
 F = Vault count percentage of total count
                 A         B        C        D         E       F
            +---------+---------+-------+---------+---------+-------
      Total |   11034 |    1656 |  13.0 |     258 |      20 |   7.2
            +---------+---------+-------+---------+---------+-------
        D:1 |      47 |       4 |   7.8 |      27 |       3 |  10.0
        D:2 |      31 |       0 |   0.0 |      10 |       0 |   0.0
        D:3 |     133 |      37 |  21.8 |      26 |       1 |   3.7
        D:4 |     438 |     757 |  63.3 |      24 |       2 |   7.7
        D:5 |     204 |       0 |   0.0 |      10 |       0 |   0.0
        D:6 |     668 |       0 |   0.0 |      23 |       0 |   0.0
        D:7 |    1941 |       0 |   0.0 |      42 |       0 |   0.0
        D:8 |    2795 |      92 |   3.2 |      52 |       1 |   1.9
        D:9 |    2075 |       0 |   0.0 |      31 |       0 |   0.0
       D:10 |    2702 |     766 |  22.1 |      13 |      13 |  50.0
            +---------+---------+-------+---------+---------+-------
